 Dungeon Crawl Stone Soup version 0.21-a0-46-gdf2c162 (webtiles) character file.

34 Duffy the Caller (level 3, -4/19 HPs)
             Began as a Deep Elf Summoner on June 7, 2017.
             Killed by divine providence
             ... invoked by an orc priest
              (12 damage)
             ... on level 3 of the Dungeon.
             The game lasted 00:03:24 (2216 turns).

Duffy the Caller (Deep Elf Summoner)                Turns: 2216, Time: 00:03:25

Health: -4/19      AC:  2    Str:  5    XL:     3   Next: 14%
Magic:  3/10       EV: 13    Int: 20    God:
Gold:   154        SH:  0    Dex: 15    Spells: 3/9 levels left

rFire    . . .     SeeInvis .   e - +2 dagger (protect)
rCold    . . .     Gourm    .   (no shield)
rNeg     . . .     Faith    .   a - +0 robe
rPois    .         Spirit   .   (no helmet)
rElec    .         Reflect  .   (no cloak)
rCorr    .         Harm     .   (no gloves)
MR       .....                  (no boots)
Stlth    ++........             t - amulet of rage
Regen    0.1/turn               (no ring)
MPRegen  0.2/turn               (no ring)

@: no status effects
A: no striking features
a: Evoke Berserk Rage


You were on level 3 of the Dungeon.
You were not hungry.

You visited 1 branch of the dungeon, and saw 3 of its levels.

You collected 154 gold pieces.

Inventory:

Hand Weapons
 e - a +2 dagger of protection (weapon)
Armour
 a - a +0 robe (worn)
 i - a +0 shield
Jewellery
 t - an amulet of rage (around neck)
Scrolls
 f - 2 scrolls of teleportation {unknown}
 g - 2 scrolls of magic mapping {unknown}
 h - a scroll of enchant weapon {unknown}
 k - a scroll of recharging {unknown}
 m - a scroll of amnesia {unknown}
 n - a scroll of identify {unknown}
 p - 2 scrolls of remove curse {unknown}
 r - a scroll of fog {unknown}
Potions
 d - a potion of ambrosia {unknown}
 j - a potion of heal wounds {unknown}
 l - a potion of curing {unknown}
 o - a potion of mutation {unknown}
Books
 b - a book of Callings

   Spells                             Type                      Level
   a - Summon Small Mammal            Summoning                    1
   b - Call Imp                       Summoning                    2
   c - Call Canine Familiar           Summoning                    3
   d - Summon Guardian Golem          Hexes/Summoning              3
   e - Summon Lightning Spire         Summoning/Air                4
   f - Summon Ice Beast               Ice/Summoning                4
Comestibles
 c - a bread ration
 q - a royal jelly
 s - 5 chunks of flesh


   Skills:
 - Level 2.4 Dodging
 - Level 2.4 Stealth
 + Level 3.5 Spellcasting
 * Level 5.3 Summonings


You had 3 spell levels left.
You knew the following spells:

 Your Spells              Type           Power        Failure   Level  Hunger
a - Summon Small Mammal   Summ           ###.         1%          1    None
h - Call Imp              Summ           ###.....     2%          2    ##.....
j - Call Canine Familiar  Summ           ###.....     4%          3    ###....


Dungeon Overview and Level Annotations

Branches:
Dungeon (3/15)

Altars:
Fedhas


Message History

Your hound bites the orc priest.
The orc priest mumbles some strange prayers to Beogh against you.
Beogh smites you!
Ouch! That really hurt!
Your hound closely misses the orc priest.
Casting: Call Canine Familiar
Confirm with . or Enter, or press ? or * to list all spells.
You don't know that spell.
Casting: Call Canine Familiar
Confirm with . or Enter, or press ? or * to list all spells.
A beastly little devil appears in a puff of flame.
Your hound closely misses the orc priest.
Casting: Call Imp
Confirm with . or Enter, or press ? or * to list all spells.
A beastly little devil appears in a puff of flame.
Your hound closely misses the orc priest.
The orc priest calls down the wrath of Beogh upon you.
Beogh smites you!
Ouch! That really hurt!
You die...

###.# #.##########.#
..#.# #.#....# #.#
#.#.# #.##.#.# #.#
....# #.##5#.# #.#
#.### #.##.#.#####.#
#.# #.##.#.......#
#(#
#.###.##.#########
#(# #..ooh5#.# #(#
#####o@#.#
#.#############5.#.#
#.%............5...#
#.##############.#.#
### #####


You could see an orc priest, 2 orcs, a friendly hound, 2 friendly crimson imps
and a friendly white imp.

Vanquished Creatures (collateral kills)
  3 worms
  3 leopard geckos
  An orc (D:3)
  2 ball pythons
  3 goblins (D:1)
  4 hobgoblins
  3 jackals (D:1)
  7 kobolds
  A quokka (D:3)
  4 bats
  2 frilled lizards
  6 rats
39 creatures vanquished.

Notes
Turn   | Place    | Note
-------+----------+-------------------------------------------
     0 | D:1      | Duffy the Deep Elf Summoner began the quest for the Orb.
     0 | D:1      | Reached XP level 1. HP: 10/10 MP: 6/6
   384 | D:1      | Reached XP level 2. HP: 15/15 MP: 4/8
   388 | D:1      | Learned a level 2 spell: Call Imp
   678 | D:1      | Reached skill level 5 in Summonings
  1976 | D:3      | Reached XP level 3. HP: 19/19 MP: 7/9
  1982 | D:3      | Learned a level 3 spell: Call Canine Familiar
  2011 | D:3      | Found a blossoming altar of Fedhas.
  2216 | D:3      | Killed from afar by an orc priest

Vault maps used:
D:1:      minmay_arrival_checkered_box
D:3:      fedhas_altar_3, portal_sewer_entry_e

Skill      XL: |  1  2 |
---------------+-------+-----
Summonings     | 5 |  5.3
Dodging        | |  2.4
Stealth        | |  2.4
Spellcasting   | |  3.5

Action                   || total
-------------------------++-------
 Cast: Summon Small Mamm ||    59
       Call Imp          ||     7
       Call Canine Famil ||     4
  Eat: Chunk             ||     4
Armor: Robe              ||    19
Dodge: Dodged            ||    52
